 Dungeon Crawl Stone Soup version 0.17.0-9-g801d43b (webtiles) character file.

296 Avanven the Poker (level 6, -2/41 HPs)
             Began as a Merfolk Necromancer on Nov 10, 2015.
             Was an Initiate of Qazlal.
             Slain by a centaur skeleton (7 damage)
             ... on level 4 of the Dungeon.
             The game lasted 00:25:01 (4514 turns).

Avanven the Poker (Merfolk Necromancer)             Turns: 4514, Time: 00:25:01

Health: -2/41      AC:  2    Str:  9    XL:     6   Next: 35%
Magic:  7/9        EV: 13    Int: 16    God:    Qazlal [......]
Gold:   226        SH:  0    Dex: 14    Spells: 3 memorised, 4 levels left

rFire  + . .     SeeInvis .     x - +4 trident
rCold  . . .     Clarity  .     a - +0 robe
rNeg   . . .     SustAt   .     (no shield)
rPois  .         Gourm    .     (no helmet)
rElec  .         Spirit   .     (no cloak)
rCorr  .         Warding  .     (no gloves)
rMut   .         Stasis   .     (no boots)
MR     +....                    (no amulet)
Stlth  ++........               p - ring of protection from magic
                                e - ring of protection from fire

@: somewhat resistant to hostile enchantments, unstealthy
A: change form in water, swift swim
a: Renounce Religion


You were on level 4 of the Dungeon.
You worshipped Qazlal.
Qazlal was noncommittal.
You were hungry.

You visited 2 branches of the dungeon, and saw 5 of its levels.

You collected 226 gold pieces.

Inventory:

Hand Weapons
 l - a +0 dagger
 s - a +1 whip of draining
 x - a +4 trident (weapon)
Missiles
 t - 2 tomahawks (quivered)
Armour
 a - a +0 robe (worn)
Jewellery
 e - a ring of protection from fire (left hand)
 o - an uncursed ring of stealth
 p - a ring of protection from magic (right hand)
Wands
 j - a wand of flame (24)
Scrolls
 d - 2 scrolls of fog
 k - a scroll of remove curse {unknown}
 m - a scroll of immolation {unknown}
 n - a scroll of enchant armour {unknown}
 r - a scroll of blinking
Potions
 g - a potion of cure mutation
 h - a potion of poison {unknown}
 i - a potion of heal wounds {unknown}
Books
 b - a book of Necromancy

   Spells                             Type                      Level
   a - Pain                           Necromancy                   1
   b - Animate Skeleton               Necromancy                   1
   c - Vampiric Draining              Necromancy                   3
   d - Regeneration                   Charms/Necromancy            3
   e - Animate Dead                   Necromancy                   4
   f - Control Undead                 Necromancy                   4
 y - a book of the Warp

   Spells                             Type                      Level
   a - Recall                         Summoning/Translocation      3
   b - Gell's Gravitas                Hexes/Translocation          3
   c - Force Lance                    Conjuration/Translocation    4
   d - Phase Shift                    Translocation                5
   e - Warp Weapon                    Charms/Translocation         5
   f - Summon Forest                  Summoning/Translocation      5
Comestibles
 c - 4 bread rations
 f - a meat ration
 q - a royal jelly


   Skills:
 * Level 5.8 Polearms
 - Level 3.0 Dodging
 - Level 2.1 Stealth
 - Level 2.0 Spellcasting
 - Level 5.0 Necromancy


You had 4 spell levels left.
You knew the following spells:

 Your Spells              Type           Power        Failure   Level  Hunger
a - Pain                  Necr           ###.         2%          1    #......
b - Animate Skeleton      Necr           N/A          2%          1    #......
c - Regeneration          Chrm/Necr      #.........   21%         3    ###....


Dungeon Overview and Level Annotations

Branches:
Dungeon (4/15)             Temple (1/1) D:4

Altars:
Ashenzari
Cheibriados
Fedhas
Gozag
Kikubaaqudgha
Makhleb
Nemelex Xobeh
Okawaru
Qazlal
Ru
Trog
Vehumet
Xom
Yredelemnul
The Shining One

Annotations:
D:4 Edmund; Wabnappa's ghost, amateur DsBe


Message History

Wabnappa's ghost is moderately damaged.
Wabnappa's ghost hits you.
You writhe in agony.
You hit Wabnappa's ghost.
Wabnappa's ghost is moderately damaged.
Wabnappa's ghost hits you.
* * * LOW HITPOINT WARNING * * *
You writhe in agony.
* * * LOW HITPOINT WARNING * * *
Your skin stops crawling.
Wabnappa's ghost shouts, "Death is your only future!"
Wabnappa's ghost misses you.
The centaur skeleton closely misses you.
The centaur skeleton hits you.
* * * LOW HITPOINT WARNING * * *
Drink which item? (? for menu, Esc to quit)
Okay, then.
Drink which item? (? for menu, Esc to quit)
It was a potion of cure mutation.
It has a very clean taste.
The centaur skeleton hits you!
You die...

.........#.##..........#......#
...).....#..#..........#......#
.........##.#......#####......#
.........##.#####'## #......#
.........##..# #.######......#
.........###.####.^.........###
....####....................#
....#########Z###...........#
..<.'.(......W.Z@...#...##+##
....######....###.#.#.#....#
....# #....# #.#.#.###### ....#
#.....##.#.#.# #####
#...#.##.#.#.# #...#..#.#.#.#
#...##.#.#.#.# #..........#.#.
##+####..###.#. #.#


You could see Wabnappa's ghost, a quokka skeleton and a centaur skeleton.

Vanquished Creatures
  The ghost of Wabnappa the Slasher, a weakling DsGl of Xom (D:3)
  A hound (D:3)
  A jelly (D:3)
  2 orc wizards (D:3)
  5 adders
  An adder skeleton (D:4)
  A giant gecko (D:1)
  8 orcs
  10 bats
  3 giant cockroaches
  9 hobgoblins
  9 jackals
  A quokka (D:3)
  A ball python (D:3)
  A giant newt (D:1)
  7 goblins
  6 kobolds
  11 rats
78 creatures vanquished.

Vanquished Creatures (collateral kills)
  An orc (D:3)
  2 goblins (D:1)
3 creatures vanquished.

Grand Total: 81 creatures vanquished

Notes
Turn   | Place    | Note
--------------------------------------------------------------
     0 | D:1      | Avanven the Merfolk Necromancer began the quest for the Orb.
     0 | D:1      | Reached XP level 1. HP: 13/13 MP: 3/3
   314 | D:1      | Reached XP level 2. HP: 17/19 MP: 1/5
   398 | D:1      | Learned a level 1 spell: Animate Skeleton
  1098 | D:1      | Reached skill level 4 in Necromancy
  1119 | D:1      | Reached XP level 3. HP: 16/24 MP: 1/6
  1124 | D:1      | Learned a level 3 spell: Regeneration
  2264 | D:2      | Reached XP level 4. HP: 17/30 MP: 3/7
  2871 | D:3      | Noticed Wabnappa's ghost (weakling DsGl)
  2943 | D:4      | Noticed Edmund
  2965 | D:4      | Noticed Wabnappa's ghost (amateur DsBe)
  3007 | D:3      | Killed Wabnappa's ghost
  3007 | D:3      | Reached skill level 5 in Necromancy
  3007 | D:3      | Reached XP level 5. HP: 35/35 MP: 8/8
  3525 | D:3      | Found a burning altar of Makhleb.
  3732 | D:3      | Reached XP level 6. HP: 41/41 MP: 9/9
  3746 | D:3      | Reached skill level 5 in Polearms
  3748 | D:3      | HP: 1/41 [orc wizard/dagger (7)]
  4373 | D:4      | Found a staircase to the Ecumenical Temple.
  4388 | Temple   | Entered the Ecumenical Temple
  4455 | Temple   | Became a worshipper of Qazlal Stormbringer
  4514 | D:4      | Slain by a centaur skeleton

Action                   |  1- 3 |  4- 6 || total
-------------------------+-------+-------++-------
Melee: Dagger            |    36 |       ||    36
       Whip              |    15 |    15 ||    30
       Trident           |       |    84 ||    84
Throw: Tomahawk          |       |     7 ||     7
 Cast: Pain              |    51 |    21 ||    72
       Animate Skeleton  |     7 |    12 ||    19
       Regeneration      |       |     3 ||     3
  Use: Potion            |     3 |     9 ||    12
       Scroll            |       |     5 ||     5
 Stab: Sleeping          |     1 |     3 ||     4
       Distracted        |       |     1 ||     1
  Eat: Chunk             |     5 |     8 ||    13
